AoeStats
← gazza17

Black Forest

515796053Analyzed
4v4 RM · 14d ago on Oct 23, 2026· 49m 28s· 8 players
Game mode
Random Map
Map size
Large (8 player)
Population
200
Speed
Normal
Resources
Standard
Victory
Conquest
Starting age
Dark Age
Ending age
Imperial Age
RankedLock teamsTeams togetherTeam positionsShared explorationLock speedFull tech treeHidden civsTurbo modeCheats
Victory
Defeat
🇮🇹 Danes · Italy
942
+14
🇧🇷 Romans · Brazil
894
+16
🇩🇪 Bohemians · Germany
890
+16
🇩🇪 Khmer · Germany
812
+20
vs
🇬🇧 Britons · United Kingdom
1039
-22
🇦🇷 Goths · Argentina
934
-18
🇦🇷 Chinese · Argentina
848
-15
🇬🇧 Spanish · United Kingdom
769
-11
Contigol
1:41 Loom
11:52 Feudal Age
17:32 Castle Age
16:42 Double-Bit Axe
16:40 Horse Collar
21:11 Wheelbarrow
23:11 Stone Mining
24:47 Bow Saw
25:28 Heavy Plow
26:39 Murder Holes
26:25 Treadmill Crane
26:43 Murder Holes
30:51 Imperial Age
29:05 Hand Cart
29:34 Caravan
31:03 Fletching
31:23 Forging
31:14 Scale Mail Armor
31:29 Anarchy
32:39 Chemistry
31:57 Guilds
33:13 Two-Man Saw
33:38 Conscription
35:00 Crop Rotation
35:51 Iron Casting
35:31 Chain Mail Armor
35:37 Perfusion
35:46 Elite Huskarl
38:05 Blast Furnace
41:49 Onager
gazza17
8:04 Loom
12:23 Feudal Age
13:41 Double-Bit Axe
17:54 Castle Age
18:12 Gold Mining
19:16 Wheelbarrow
19:08 Horse Collar
19:52 Bow Saw
24:19 Heavy Plow
26:17 Wheelbarrow
25:19 Crossbowman
28:21 Stone Mining
30:06 Caravan
30:46 Gold Shaft Mining
30:50 Hand Cart
30:59 Fletching
31:10 Padded Archer Armor
35:11 Imperial Age
33:51 Bodkin Arrow
34:11 Leather Archer Armor
34:19 Ballistics
34:24 Masonry
34:10 Treadmill Crane
34:41 Masonry
34:22 Pikeman
35:20 Forging
35:10 Scale Mail Armor
35:17 Arbalester
36:02 Bracer
37:29 Yeomen
37:53 Ring Archer Armor
40:26 Chemistry
39:16 Heated Shot
41:07 Conscription
44:30 Warwolf
PersianT
12:13 Feudal Age
16:35 Castle Age
14:33 Double-Bit Axe
16:02 Horse Collar
25:25 Bow Saw
28:34 Husbandry
28:50 Bloodlines
32:46 Wheelbarrow
32:25 Scale Barding Armor
32:32 Forging
32:49 Gold Mining
32:50 Stone Mining
36:21 Chain Barding Armor
36:38 Iron Casting
36:22 Hand Cart
46:10 Imperial Age
federicoheredia
16:17 Feudal Age
18:10 Wheelbarrow
20:07 Stone Mining
22:42 Castle Age
21:32 Double-Bit Axe
23:03 Town Watch
24:05 Stone Shaft Mining
23:22 Gold Mining
24:29 Fletching
26:37 Bow Saw
27:45 Gold Shaft Mining
28:45 Horse Collar
31:32 Heavy Plow
34:23 Murder Holes
34:49 Ballistics
42:31 Town Patrol
wallacebru
0:25 Loom
13:42 Feudal Age
18:48 Castle Age
16:48 Double-Bit Axe
17:12 Gold Mining
17:20 Horse Collar
19:36 Arson
22:02 Bow Saw
23:03 Scale Mail Armor
23:31 Forging
25:43 Iron Casting
25:59 Hamask
29:37 Chain Mail Armor
30:55 Wheelbarrow
34:25 Gambesons
42:42 Imperial Age
43:58 Conscription
46:53 Blast Furnace
46:24 Plate Mail Armor
47:26 Hand Cart
47:19 Elite Jomsviking
Rayman
13:10 Feudal Age
15:59 Wheelbarrow
20:13 Castle Age
18:41 Horse Collar
18:56 Double-Bit Axe
19:36 Stone Mining
21:44 Bow Saw
21:37 Heavy Plow
25:47 Forging
25:42 Scale Barding Armor
25:58 Hand Cart
26:28 Caravan
31:41 Imperial Age
31:44 Iron Casting
31:55 Ballistics
31:46 Fortified Wall
32:16 Tusk Swords
32:48 Conscription
32:54 Bloodlines
32:46 Husbandry
33:50 Chemistry
33:51 Crop Rotation
33:29 Gold Mining
36:14 Double Crossbow
38:05 Elite Ballista Elephant
43:10 Chain Barding Armor
43:50 Blast Furnace
Och Nö
11:21 Feudal Age
13:18 Double-Bit Axe
16:48 Wheelbarrow
22:42 Castle Age
22:34 Horse Collar
24:47 Bow Saw
25:10 Caravan
28:40 Chemistry
30:14 Imperial Age
28:04 Hand Cart
29:17 Fishing Lines
30:47 Fletching
30:57 Padded Archer Armor
30:30 Houfnice
31:35 Fervor
31:54 Gillnets
34:06 Two-Man Saw
33:38 Siege Engineers
33:02 Elite Skirmisher
34:02 Leather Archer Armor
33:59 Caravan
35:11 Conscription
35:24 Sanctity
35:26 Town Watch
38:03 Ring Archer Armor
37:29 Bodkin Arrow
38:17 Pikeman
38:45 Halberdier
43:50 Scale Mail Armor
44:01 Forging
44:01 Squires
47:38 Bracer
48:14 Iron Casting
49:37 Arson
thiago.mullerpinto
13:35 Feudal Age
14:46 Double-Bit Axe
21:40 Castle Age
20:01 Gold Mining
20:16 Stone Mining
23:50 Caravan
24:30 Bow Saw
25:09 Wheelbarrow
27:25 Hand Cart
28:25 Horse Collar
30:40 Heavy Plow
34:08 Imperial Age
32:55 Forging
32:46 Scale Mail Armor
34:23 Heavy Scorpion
39:02 Chemistry
38:23 Ballistics
40:14 Conscription
Connection lost

Rejoining the realm…

Still unreachable

The connection could not be restored.

Session expired

The server has moved on; the page needs a fresh start.